 Dungeon Crawl Stone Soup version 0.19-b1-1-g9a3527e (webtiles) character file.

102 Ladykiller69 the Cudgeler (level 4, 0/72 HPs)
             Began as an Ogre Gladiator on Oct 27, 2016.
             Succumbed to an adder's poison
             ... on level 3 of the Dungeon.
             The game lasted 00:08:53 (2683 turns).

Ladykiller69 the Cudgeler (Ogre Gladiator)          Turns: 2683, Time: 00:08:53

Health: 0/72       AC: 22    Str: 20    XL:     4   Next: 78%
Magic:  4/4        EV:  1    Int: 12    God:
Gold:   100        SH:  0    Dex: 11    Spells: 0 memorised, 3 levels left

rFire  . . .     SeeInvis .     a - +0 flail
rCold  . . .     Gourm    .     (armour currently unavailable)
rNeg   + + +     Faith    .     (no shield)
rPois  +         Spirit   .     (helmet currently unavailable)
rElec  .         Reflect  .     (cloak currently unavailable)
rCorr  .         Harm     .     (gloves unavailable)
MR     .....     NoTele   +     (boots unavailable)
Stlth  +.........               (no amulet)
                                (no ring)
                                (no ring)

@: brilliant, lethally poisoned (0 -> -4), tree-form, very slightly
contaminated, hasted, invisible, very quick
A: unfitting armour, (tough skin 0)
a: no special abilities


You were on level 3 of the Dungeon.
You were not hungry.
You were a tree.
You visited 1 branch of the dungeon, and saw 3 of its levels.

You collected 100 gold pieces.

Inventory:

Hand Weapons
 a - a +0 flail (weapon)
Missiles
 d - 3 throwing nets (quivered)
 j - 96 stones
 k - 2 large rocks
Armour
 b - a +0 robe (melded)
 c - a +0 hat (melded)
Jewellery
 q - an uncursed ring of resist corrosion {unknown}
Scrolls
 e - a scroll of recharging {unknown}
 h - 3 scrolls of teleportation {unknown}
 l - 2 scrolls of enchant armour {unknown}
 m - 4 scrolls of identify {unknown}
 n - a scroll of enchant weapon {unknown}
 s - 2 scrolls of amnesia {unknown}
 u - a scroll of random uselessness {unknown}
Potions
 g - a potion of brilliance
 o - a potion of lignification
Comestibles
 f - 2 bread rations
 r - a slice of pizza
 t - a chunk of flesh
 v - a meat ration


   Skills:
 + Level 3.8 Fighting
 * Level 5.6 Maces & Flails
 + Level 2.7 Throwing
 - Level 3.0 Dodging


You had 3 spell levels left.
You didn't know any spells.

Dungeon Overview and Level Annotations

Branches:
Dungeon (3/15)

Altars:

Annotations:
D:2 Sigmund


Innate Abilities, Weirdness & Mutations

You are too large for most types of armour.
((You have tough skin. (AC +1)))


Message History

* * * LOW HITPOINT WARNING * * *
You feel sick.
You cannot move.
You start eating the chunk of flesh.
You stop eating.
There is a lethal amount of poison in your body!
There is a lethal amount of poison in your body!
* * * LOW HITPOINT WARNING * * *
You feel sick.
You cannot move.
You cannot move.
You cannot move.
You cannot move.
You cannot move.
You cannot move.
You cannot move.
You cannot move.
You cannot move.
You cannot move.
You die...

...# .................
##.##.................
##..^.................
.##........#....?.(.>.
..............S...S...
.##..........#o#
...............#
#..............####
#.#............)♣.###
..#......#....###...##
###......##########..####
........................#
#########################


There were no monsters in sight!

Vanquished Creatures
  A hound skeleton (D:1)
  2 adders
  An ooze (D:1)
  2 dart slugs
  4 leopard geckos (D:1)
  An orc (D:3)
  2 giant cockroaches (D:1)
  10 goblins
  9 hobgoblins
  A quokka (D:3)
  2 ball pythons (D:1)
  7 bats
  3 frilled lizards
  9 kobolds
  6 rats
60 creatures vanquished.

Notes
Turn   | Place    | Note
-------+----------+-------------------------------------------
     0 | D:1      | Ladykiller69 the Ogre Gladiator began the quest for the Orb.
     0 | D:1      | Reached XP level 1. HP: 22/22 MP: 1/1
    73 | D:1      | HP: 1/22 [ooze (2)]
    74 | D:1      | Reached XP level 2. HP: 1/29 MP: 2/2
  1075 | D:1      | Reached XP level 3. HP: 31/37 MP: 3/3
  1561 | D:1      | Reached skill level 5 in Maces & Flails
  1604 | D:1      | Reached XP level 4. HP: 44/45 MP: 4/4
  1700 | D:2      | Noticed Sigmund
  2676 | D:3      | HP: 3/72 [poisoned by an adder]
  2678 | D:3      | HP: 1/72 [poisoned by an adder]
  2683 | D:3      | Succumbed to an adder's poison

Skill      XL: |  1  2  3 |
---------------+----------+-----
Fighting       | 3 |  3.8
Maces & Flails | 5 |  5.6
Dodging        | 3 |  3.0
Throwing       | |  2.7

Action                   |  1- 3 |  4- 6 || total
-------------------------+-------+-------++-------
Melee: Flail             |   112 |    92 ||   204
  Use: Potion            |       |     4 ||     4
 Stab: Sleeping          |     1 |     1 ||     2
  Eat: Chunk             |     2 |     4 ||     6
Armor: Robe              |    20 |    27 ||    47
       Skin              |       |     8 ||     8
Dodge: Dodged            |    59 |    52 ||   111
